Punishers vs Thunderbirds
Created - April 19, 2022 at 19:51
Goals
|
| Punishers |
1 |
1 |
2 |
4 |
| Thunderbirds |
4 |
0 |
5 |
9 |
|
Shots
|
| Punishers |
12 |
7 |
8 |
27 |
| Thunderbirds |
14 |
7 |
15 |
36 |
|
1st period
1. Thunderbirds , Mitchell Heard 14 (Jake Walman 8) at 3:47
2. Thunderbirds , Valentin Zykov 31 (Elias Lindholm 27) at 5:11
3. Thunderbirds , Niklas Hansson 7 (Quinton Howden 49, Jerry D'Amigo 25) at 15:13 (PP)
4. Thunderbirds , Tom Kuhnhackl 16 (Valentin Zykov 37, Elias Lindholm 28) at 16:33
5. Punishers , Corey Tropp 37 (Zack Hamill 63, Tyler Bertuzzi 30) at 19:34 (PP)
Penalties :
Tyler Bertuzzi (Pro) for Hooking (Minor) at 10:12, Zack Hamill (Pro) for Roughing (Minor) at 14:10, Roberts Lipsbergs (Spr) for Holding (Minor) at 19:07
2nd period
6. Punishers , Nikita Gusev 9 (Austen Brassard 19, John Quenneville 21) at 12:09
Penalties :
Roberts Lipsbergs (Spr) for Interference (Minor) at 9:12
3rd period
7. Thunderbirds , Valentin Zykov 32 (Elias Lindholm 29, Tom Kuhnhackl 25) at 8:02
8. Thunderbirds , Tanner Laczynski 12 (Clayton Keller 12, Michal Jordan 7) at 10:58
9. Thunderbirds , Elias Lindholm 22 (Griffin Reinhart 34, Niklas Hansson 32) at 12:00
10. Punishers , Zack Hamill 27 (Tyler Bertuzzi 31, Fredrik Claesson 7) at 15:10
11. Thunderbirds , Griffin Reinhart 10 (Quinton Howden 50) at 18:29 (PP)
12. Punishers , Chrstian Dvorak 14 (Radek Faksa 37, Artem Zub 24) at 19:30 (PP)
13. Thunderbirds , Elias Lindholm 23 (Valentin Zykov 38, Griffin Reinhart 35) at 19:38
Penalties :
Michal Jordan (Spr) for Hooking (Minor) at 4:15, Tyler Bertuzzi (Pro) for Goalie Interference (Minor) at 18:15, Valentin Zykov (Spr) for High sticking (Minor) at 18:48
Goalie Stats
Daniel Altshuller (Pro), 18 saves from 23 shots - (0.783), L, 3-6-1, 43:27 minutes
Louis Domingue (Pro), 9 saves from 13 shots - (0.692), 16:33 minutes
Carter Hutton (Spr), 23 saves from 27 shots - (0.852), W, 21-8-4, 60:00 minutes
Players Stats for Punishers
Player Name G A P +/- PIM S H SB GA TA FO MP PP MP PK MP
------------------------------------------------------------------------------------
Alex Schoenborn 0 0 0 0 0 0 2 0 1 0 0/0 5:17 0:00 0:00
Alexander Nylander 0 0 0 0 0 0 0 0 0 0 0/0 1:07 0:00 0:00
Anton Blidh 0 0 0 1 0 1 1 1 0 0 0/0 16:03 0:00 0:00
Artem Zub 0 1 1 -4 0 0 1 0 1 1 0/0 29:59 3:18 2:16
Austen Brassard 0 1 1 -2 0 1 0 0 2 0 0/0 11:36 0:00 0:00
Austin Wagner 0 0 0 0 0 0 0 0 0 0 0/0 0:00 0:00 0:00
Beck Malenstyn 0 0 0 0 0 0 0 0 0 0 0/0 0:00 0:00 0:00
Ben Betker 0 0 0 -4 0 1 2 2 1 0 0/0 29:59 3:18 2:16
Carter Ashton 0 0 0 -1 0 3 1 0 0 3 1/1 16:30 2:03 0:00
Chrstian Dvorak 1 0 1 -1 0 2 2 0 0 1 2/3 16:30 2:03 0:00
Connor Clifton 0 0 0 1 0 0 0 1 1 0 0/0 11:59 0:00 0:00
Corey Tropp 1 0 1 -2 0 2 1 0 0 0 0/0 24:55 3:04 2:17
Fredrik Claesson 0 1 1 -2 0 1 0 0 0 1 0/0 18:02 1:49 1:00
Gabriel Gagne 0 0 0 0 0 0 0 0 0 0 1/2 1:08 0:00 0:56
John Quenneville 0 1 1 -2 0 3 0 1 0 0 5/10 11:52 0:00 0:16
Michael Joly 0 0 0 0 0 0 0 1 0 0 0/0 1:08 0:00 0:00
Nicolas Roy 0 0 0 0 0 0 0 0 0 0 1/1 5:48 0:00 0:00
Nikita Gusev 1 0 1 -2 0 2 1 1 0 1 1/1 11:36 0:00 0:00
Noah Juulsen 0 0 0 -2 0 3 1 1 0 0 0/0 18:02 1:49 1:00
Radek Faksa 0 1 1 -1 0 1 3 0 1 1 7/15 17:41 2:03 0:59
Tyler Bertuzzi 0 2 2 -2 4 2 1 0 1 0 0/2 23:13 3:04 0:25
Zack Hamill 1 1 2 -2 2 5 1 0 0 0 17/41 24:16 3:04 1:39
Players Stats for Thunderbirds
Player Name G A P +/- PIM S H SB GA TA FO MP PP MP PK MP
------------------------------------------------------------------------------------
Clayton Keller 0 1 1 1 0 0 0 1 0 0 0/0 10:05 0:00 0:00
Elias Lindholm 2 3 5 4 0 7 0 0 0 0 14/23 14:48 0:53 0:56
Griffin Reinhart 1 2 3 2 0 3 1 1 0 0 0/0 26:36 2:36 1:50
Hudson Fasching 0 0 0 1 0 1 1 0 0 2 0/0 11:15 0:14 1:13
Jake Walman 0 1 1 1 0 0 1 0 0 0 0/0 12:43 0:00 0:50
Jerry D'Amigo 0 1 1 0 0 2 1 1 1 0 0/1 20:10 2:23 0:00
John Draeger 0 0 0 2 0 2 1 1 1 2 0/0 21:35 0:40 3:17
Kirill Kaprizov 0 0 0 0 0 0 3 0 1 0 2/2 7:22 2:09 0:00
Matt Puempel 0 0 0 1 0 1 3 0 2 0 0/1 16:57 0:00 0:56
Michal Jordan 0 1 1 3 2 2 0 0 0 0 0/0 18:42 0:40 1:00
Mitchell Heard 1 0 1 1 0 2 0 0 0 1 3/7 11:01 0:00 1:13
Niklas Hansson 1 1 2 1 0 1 2 4 0 1 0/0 28:38 2:36 3:17
Quinton Howden 0 2 2 -1 0 4 1 0 1 0 20/36 24:06 2:23 2:58
Roberts Lipsbergs 0 0 0 0 4 0 0 0 0 1 0/0 11:01 0:00 0:00
Tanner Laczynski 1 0 1 1 0 3 1 1 1 0 2/5 10:05 0:00 0:00
Tom Kuhnhackl 1 1 2 3 0 1 0 1 1 1 0/0 17:48 0:53 2:58
Valentin Zykov 2 2 4 4 2 5 1 0 0 0 0/1 20:08 0:53 0:00
Viktor Baldayev 0 0 0 1 0 2 2 2 0 0 0/0 11:49 0:00 0:00
3 Stars
1 - Elias Lindholm (Spr)
2 - Valentin Zykov (Spr)
3 - Griffin Reinhart (Spr)
Power Play
Punishers - 2 on 4 Attempt(s) - 50.00%
Thunderbirds - 2 on 3 Attempt(s) - 66.67%
Penalty Kill
Punishers - 1 on 3 Attempt(s) - 33.33%
- Score 0 goal in Penalty Kill
Thunderbirds - 2 on 4 Attempt(s) - 50.00%
- Score 0 goal in Penalty Kill
Team Stat
Punishers - Hits : 17 - Faceoff Wins : 35 - Blocked Shots : 8 - Penalty Minutes : 6
Thunderbirds - Hits : 18 - Faceoff Wins : 41 - Blocked Shots : 12 - Penalty Minutes : 8
Official
Referees : Wes McCauley and Dean Morton
Linesman : David Brisebois and Kyle Flemington
Game Notes
Michael Joly is injured at 12:37 of 1st period (Herniated Disc)
Daniel Altshuller enters game at 16:33 of 1st period
Kirill Kaprizov is injured at 17:17 of 1st period (Right Foot)
Finance
Level 1 -- Attendance: 1763 (88.15%) -- Ticket Income $61,705
Level 2 -- Attendance: 863 (86.30%) -- Ticket Income $12,945
Total Attendance: 2626 (87.53%)
Total Ticket Income: $74,650
Other Income: $3,732
Total Income: $78,382
Punishers
5 vs 5 Forward
Center Left Wing Right Wing Time % Phy DF OF
1 Zack Hamill Tyler Bertuzzi Corey Tropp 40 1 2 2
2 Radek Faksa Chrstian Dvorak Carter Ashton 30 1 2 2
3 John Quenneville Nikita Gusev Austen Brassard 20 1 2 2
4 Nicolas Roy Anton Blidh Michael Joly 10 1 2 2
5 vs 5 Defense
Defense Defense Time % Phy DF OF
1 Ben Betker Artem Zub 40 1 2 2
2 Noah Juulsen Fredrik Claesson 30 1 2 2
3 Connor Clifton Anton Blidh 20 1 2 2
4 Ben Betker Artem Zub 10 1 2 2
PowerPlay Forward
Center Left Wing Right Wing Time % Phy DF OF
1 Zack Hamill Tyler Bertuzzi Corey Tropp 60 1 2 2
2 Radek Faksa Chrstian Dvorak Carter Ashton 40 1 2 2
PowerPlay Defense
Defense Defense Time % Phy DF OF
1 Ben Betker Artem Zub 60 1 2 2
2 Noah Juulsen Fredrik Claesson 40 1 2 2
Penalty Kill 4 Players Forward
Center Wing Time % Phy DF OF
1 Zack Hamill Corey Tropp 60 1 2 2
2 Tyler Bertuzzi Radek Faksa 40 1 2 2
Penalty Kill 4 Players Defense
Defense Defense Time % Phy DF OF
1 Ben Betker Artem Zub 60 1 2 2
2 Noah Juulsen Fredrik Claesson 40 1 2 2
Penalty Kill - 3 Players Forward
Forward Time % Phy DF OF
1 Zack Hamill 60 1 2 2
2 Corey Tropp 40 1 2 2
Penalty Kill - 3 Players Defense
Defense Defense Time % Phy DF OF
1 Ben Betker Artem Zub 60 1 2 2
2 Noah Juulsen Fredrik Claesson 40 1 2 2
4 vs 4 Forward
Center Wing Time % Phy DF OF
1 Zack Hamill Corey Tropp 60 1 2 2
2 Tyler Bertuzzi Radek Faksa 40 1 2 2
4 vs 4 Defense
Defense Defense Time % Phy DF OF
1 Ben Betker Artem Zub 60 1 2 2
2 Noah Juulsen Fredrik Claesson 40 1 2 2
Last Minutes Offensive
Center Left Wing Right Wing Defense Defense
Zack Hamill Tyler Bertuzzi Corey Tropp Ben Betker Artem Zub
Last Minutes Defensive
Center Left Wing Right Wing Defense Defense
Zack Hamill Tyler Bertuzzi Corey Tropp Ben Betker Artem Zub
Goaltenders
Starting : Louis Domingue
Backup : Daniel Altshuller
Extra Forwards
Normal : Alex Schoenborn, Alexander Nylander, Gabriel Gagne - PP : Alex Schoenborn, Alexander Nylander - PK : Gabriel Gagne
Extra Defensemen
Normal : Connor Clifton, Noah Juulsen, Fredrik Claesson - PP : Connor Clifton - PK : Noah Juulsen, Fredrik Claesson
Penalty Shots
Zack Hamill, Corey Tropp, Tyler Bertuzzi, Radek Faksa, Carter Ashton
Scratches
Daniel Audette (Healthy), Niko Mikkola (Healthy), Connor Ingram (Healthy)
Thunderbirds
5 vs 5 Forward
Center Left Wing Right Wing Time % Phy DF OF
1 Quinton Howden Kirill Kaprizov Jerry D'Amigo 40 0 2 3
2 Elias Lindholm Valentin Zykov Tom Kuhnhackl 30 0 2 3
3 Mitchell Heard Matt Puempel Hudson Fasching 20 1 2 2
4 Tanner Laczynski Roberts Lipsbergs Clayton Keller 10 0 2 3
5 vs 5 Defense
Defense Defense Time % Phy DF OF
1 Griffin Reinhart Niklas Hansson 40 0 2 3
2 Michal Jordan John Draeger 30 0 2 3
3 Viktor Baldayev Jake Walman 20 1 2 2
4 Griffin Reinhart Niklas Hansson 10 0 2 3
PowerPlay Forward
Center Left Wing Right Wing Time % Phy DF OF
1 Quinton Howden Kirill Kaprizov Jerry D'Amigo 60 0 1 4
2 Elias Lindholm Valentin Zykov Tom Kuhnhackl 40 0 1 4
PowerPlay Defense
Defense Defense Time % Phy DF OF
1 Griffin Reinhart Niklas Hansson 60 0 2 3
2 Michal Jordan John Draeger 40 0 2 3
Penalty Kill 4 Players Forward
Center Wing Time % Phy DF OF
1 Quinton Howden Tom Kuhnhackl 60 1 3 1
2 Mitchell Heard Hudson Fasching 40 1 3 1
Penalty Kill 4 Players Defense
Defense Defense Time % Phy DF OF
1 Niklas Hansson John Draeger 60 1 4 0
2 Griffin Reinhart Michal Jordan 40 1 4 0
Penalty Kill - 3 Players Forward
Forward Time % Phy DF OF
1 Quinton Howden 60 1 3 1
2 Mitchell Heard 40 1 3 1
Penalty Kill - 3 Players Defense
Defense Defense Time % Phy DF OF
1 Niklas Hansson John Draeger 60 1 4 0
2 Griffin Reinhart Michal Jordan 40 1 4 0
4 vs 4 Forward
Center Wing Time % Phy DF OF
1 Quinton Howden Kirill Kaprizov 60 0 2 3
2 Elias Lindholm Valentin Zykov 40 0 2 3
4 vs 4 Defense
Defense Defense Time % Phy DF OF
1 Griffin Reinhart Niklas Hansson 60 0 2 3
2 Michal Jordan John Draeger 40 0 2 3
Last Minutes Offensive
Center Left Wing Right Wing Defense Defense
Quinton Howden Kirill Kaprizov Tom Kuhnhackl Griffin Reinhart Niklas Hansson
Last Minutes Defensive
Center Left Wing Right Wing Defense Defense
Quinton Howden Kirill Kaprizov Tom Kuhnhackl Niklas Hansson John Draeger
Goaltenders
Starting : Carter Hutton
Backup : Igor Bobkov
Extra Forwards
Normal : Valentin Zykov, Kirill Kaprizov, Quinton Howden - PP : Hudson Fasching, Clayton Keller - PK : Elias Lindholm
Extra Defensemen
Normal : John Draeger, Niklas Hansson, Griffin Reinhart - PP : Viktor Baldayev - PK : Griffin Reinhart, Niklas Hansson
Penalty Shots
Tanner Laczynski, Tom Kuhnhackl, Quinton Howden, Elias Lindholm, Valentin Zykov
Scratches
Austin Poganski (Healthy), Connor Honey (Healthy), Dmytro Timashov (Healthy), Keaton Thompson (Healthy), Kyle Platzer (Healthy)
Lukas Vejdemo (Healthy), Michael McCarron (Healthy), Nelson Nogier (Healthy), Nicklas Jensen (Healthy), Calvin Thurkauf (Healthy)
Artur Kayumov (Healthy), Niklas Treutle (Healthy), Artyom Zagidulin (Healthy)
% Time on Ice - Punishers
Lines # - Real PCT - Wanted PCT - Time Play
Normal Forward
1 - 38% - 40% - 19:34
2 - 28% - 30% - 14:39
3 - 22% - 20% - 11:36
4 - 11% - 10% - 5:48
Normal Defense
1 - 41% - 40% - 21:03
2 - 29% - 30% - 15:13
3 - 23% - 20% - 11:59
4 - 7% - 10% - 3:22
PP Forward
1 - 60% - 60% - 3:04
2 - 40% - 40% - 2:03
PP Defense
1 - 64% - 60% - 3:18
2 - 36% - 40% - 1:49
PK Forward
1 - 70% - 60% - 2:17
2 - 30% - 40% - 0:59
PK Defense
1 - 69% - 60% - 2:16
2 - 31% - 40% - 1:00
PK3 Forward
1 - 0% - 60%
2 - 0% - 40%
PK3 Defense
1 - 0% - 60%
2 - 0% - 40%
44 Forward
1 - 0% - 60%
2 - 0% - 40%
44 Defense
1 - 0% - 60%
2 - 0% - 40%
Last Minute Offensive - 0:00
Last Minute Defensive - 0:00
Total
Forward - 60:00
Defense - 60:00
|
% Time on Ice - Thunderbirds
Lines # - Real PCT - Wanted PCT - Time Play
Normal Forward
1 - 36% - 40% - 18:45
2 - 25% - 30% - 13:03
3 - 19% - 20% - 9:44
4 - 20% - 10% - 10:05
Normal Defense
1 - 39% - 40% - 20:20
2 - 33% - 30% - 17:03
3 - 23% - 20% - 11:49
4 - 5% - 10% - 2:25
PP Forward
1 - 73% - 60% - 2:23
2 - 27% - 40% - 0:53
PP Defense
1 - 80% - 60% - 2:36
2 - 20% - 40% - 0:40
PK Forward
1 - 76% - 60% - 3:54
2 - 24% - 40% - 1:13
PK Defense
1 - 64% - 60% - 3:17
2 - 36% - 40% - 1:50
PK3 Forward
1 - 0% - 60%
2 - 0% - 40%
PK3 Defense
1 - 0% - 60%
2 - 0% - 40%
44 Forward
1 - 0% - 60%
2 - 0% - 40%
44 Defense
1 - 0% - 60%
2 - 0% - 40%
Last Minute Offensive - 0:00
Last Minute Defensive - 0:00
Total
Forward - 60:00
Defense - 60:00
|
Play-by-Play
1st period
0:01 of 1st period - Quinton Howden wins face-off versus Zack Hamill in neutral zone.
0:06 of 1st period - Ben Betker is hit by Kirill Kaprizov and loses puck.
1:32 of 1st period - Slapshot by Quinton Howden.
1:32 of 1st period - Shot Blocked by Ben Betker.
1:34 of 1st period - Slapshot by Michal Jordan.
1:34 of 1st period - Stopped by Louis Domingue with a rebound.
1:36 of 1st period - Wrist shot by Quinton Howden.
1:36 of 1st period - Stopped by Louis Domingue with a rebound.
1:38 of 1st period - Wrist shot by Jerry D'Amigo.
1:38 of 1st period - Shot Blocked by Ben Betker.
2:00 of 1st period - Snap shot by Zack Hamill.
2:00 of 1st period - Shot Blocked by Tom Kuhnhackl.
3:08 of 1st period - Snap shot by Zack Hamill.
3:08 of 1st period - Shot Blocked by Niklas Hansson.
3:47 of 1st period - Snap shot by Mitchell Heard.
3:47 of 1st period - Goal by Mitchell Heard - Punishers : 0 - Thunderbirds : 1.
3:48 of 1st period - Quinton Howden wins face-off versus Radek Faksa in neutral zone.
4:01 of 1st period - Slapshot by Quinton Howden.
4:01 of 1st period - Shot Misses the Net.
5:09 of 1st period - Slapshot by Valentin Zykov.
5:09 of 1st period - Stopped by Louis Domingue without a rebound.
5:10 of 1st period - Elias Lindholm wins face-off versus John Quenneville in Punishers zone.
5:11 of 1st period - Wrist shot by Valentin Zykov.
5:11 of 1st period - Goal by Valentin Zykov - Punishers : 0 - Thunderbirds : 2.
5:12 of 1st period - Radek Faksa wins face-off versus Quinton Howden in neutral zone.
5:49 of 1st period - Slapshot by Valentin Zykov.
5:49 of 1st period - Shot Blocked by Michael Joly.
5:51 of 1st period - Slapshot by Niklas Hansson.
5:51 of 1st period - Shot Misses the Net.
6:05 of 1st period - Slapshot by Michal Jordan.
6:05 of 1st period - Shot Misses the Net.
6:35 of 1st period - Snap shot by John Quenneville.
6:35 of 1st period - Stopped by Carter Hutton without a rebound.
6:36 of 1st period - Quinton Howden wins face-off versus Radek Faksa in Thunderbirds zone.
6:38 of 1st period - Icing by Kirill Kaprizov.
6:39 of 1st period - Radek Faksa wins face-off versus Quinton Howden in Thunderbirds zone.
6:54 of 1st period - Viktor Baldayev is hit by Carter Ashton and loses puck.
7:09 of 1st period - Snap shot by Zack Hamill.
7:09 of 1st period - Stopped by Carter Hutton without a rebound.
7:10 of 1st period - Elias Lindholm wins face-off versus Zack Hamill in Thunderbirds zone.
7:57 of 1st period - Snap shot by Elias Lindholm.
7:57 of 1st period - Stopped by Louis Domingue without a rebound.
7:58 of 1st period - Quinton Howden wins face-off versus Radek Faksa in Punishers zone.
8:51 of 1st period - Backhand shot by Nikita Gusev.
8:51 of 1st period - Stopped by Carter Hutton without a rebound.
8:52 of 1st period - Quinton Howden wins face-off versus Radek Faksa in Thunderbirds zone.
8:52 of 1st period - Quinton Howden is hit by Noah Juulsen.
9:18 of 1st period - Griffin Reinhart is hit by Tyler Bertuzzi and loses puck.
9:39 of 1st period - Wrist shot by Valentin Zykov.
9:39 of 1st period - Deflect By Mitchell Heard.
9:39 of 1st period - Shot Misses the Net.
9:39 of 1st period - Puck is out of play.
9:40 of 1st period - John Quenneville wins face-off versus Matt Puempel in Punishers zone.
9:49 of 1st period - Snap shot by John Quenneville.
9:49 of 1st period - Stopped by Carter Hutton without a rebound.
9:50 of 1st period - Quinton Howden wins face-off versus Zack Hamill in Thunderbirds zone.
9:52 of 1st period - Icing by Kirill Kaprizov.
9:53 of 1st period - Quinton Howden wins face-off versus Zack Hamill in Thunderbirds zone.
9:53 of 1st period - Quinton Howden is hit by Corey Tropp.
10:12 of 1st period - Minor Penalty to Tyler Bertuzzi for Hooking.
10:13 of 1st period - Zack Hamill wins face-off versus Quinton Howden in Punishers zone.
10:21 of 1st period - Artem Zub is hit by Kirill Kaprizov and loses puck.
10:26 of 1st period - Backhand shot by Kirill Kaprizov.
10:26 of 1st period - Shot Misses the Net.
10:28 of 1st period - Snap shot by Griffin Reinhart.
10:28 of 1st period - Deflect By Ben Betker.
10:28 of 1st period - Stopped by Louis Domingue without a rebound.
10:29 of 1st period - Zack Hamill wins face-off versus Quinton Howden in Punishers zone.
10:44 of 1st period - Corey Tropp is hit by Kirill Kaprizov.
10:54 of 1st period - Corey Tropp is hit by Niklas Hansson and loses puck.
11:05 of 1st period - Snap shot by Elias Lindholm.
11:05 of 1st period - Stopped by Louis Domingue without a rebound.
11:06 of 1st period - Gabriel Gagne wins face-off versus Elias Lindholm in Punishers zone.
11:13 of 1st period - Slapshot by Noah Juulsen.
11:13 of 1st period - Stopped by Carter Hutton with a rebound.
11:15 of 1st period - Slapshot by Fredrik Claesson.
11:15 of 1st period - Shot Misses the Net.
11:35 of 1st period - Icing by Griffin Reinhart.
11:36 of 1st period - Quinton Howden wins face-off versus Zack Hamill in Thunderbirds zone.
12:12 of 1st period - Penalty to Tyler Bertuzzi is over, Tyler Bertuzzi is back on ice.
12:36 of 1st period - Michael Joly is hit by Matt Puempel and loses puck.
12:37 of 1st period - Michael Joly from Punishers is injured at 12:37 of 1st period (Herniated Disc).
12:38 of 1st period - Quinton Howden wins face-off versus Zack Hamill in Punishers zone.
13:00 of 1st period - Icing by Tyler Bertuzzi.
13:01 of 1st period - Radek Faksa wins face-off versus Elias Lindholm in Punishers zone.
13:10 of 1st period - Michal Jordan is hit by Radek Faksa and loses puck.
13:18 of 1st period - Off-side.
13:19 of 1st period - Zack Hamill wins face-off versus Quinton Howden in neutral zone.
13:32 of 1st period - Slapshot by Zack Hamill.
13:32 of 1st period - Stopped by Carter Hutton without a rebound.
13:33 of 1st period - Kirill Kaprizov wins face-off versus Radek Faksa in Thunderbirds zone.
13:40 of 1st period - Wrist shot by Radek Faksa.
13:40 of 1st period - Stopped by Carter Hutton with a rebound.
13:46 of 1st period - Slapshot by Carter Ashton.
13:46 of 1st period - Stopped by Carter Hutton with a rebound.
13:48 of 1st period - Slapshot by Ben Betker.
13:48 of 1st period - Stopped by Carter Hutton without a rebound.
13:49 of 1st period - Elias Lindholm wins face-off versus Tyler Bertuzzi in Thunderbirds zone.
14:02 of 1st period - Wrist shot by Valentin Zykov.
14:02 of 1st period - Shot Hit the Post.
14:04 of 1st period - Slapshot by Griffin Reinhart.
14:04 of 1st period - Deflect By Artem Zub.
14:04 of 1st period - Stopped by Louis Domingue with a rebound.
14:10 of 1st period - Minor Penalty to Zack Hamill for Roughing.
14:11 of 1st period - Kirill Kaprizov wins face-off versus Gabriel Gagne in Punishers zone.
14:59 of 1st period - Snap shot by Quinton Howden.
14:59 of 1st period - Shot Misses the Net.
15:11 of 1st period - Snap shot by Quinton Howden.
15:11 of 1st period - Stopped by Louis Domingue with a rebound.
15:13 of 1st period - Snap shot by Niklas Hansson.
15:13 of 1st period - Deflect By Tyler Bertuzzi.
15:13 of 1st period - Goal by Niklas Hansson - Punishers : 0 - Thunderbirds : 3.
15:14 of 1st period - Elias Lindholm wins face-off versus Zack Hamill in neutral zone.
15:29 of 1st period - Slapshot by Zack Hamill.
15:29 of 1st period - Stopped by Carter Hutton with a rebound.
15:40 of 1st period - Icing by Artem Zub.
15:41 of 1st period - Mitchell Heard wins face-off versus Zack Hamill in Punishers zone.
15:44 of 1st period - Snap shot by Mitchell Heard.
15:44 of 1st period - Stopped by Louis Domingue without a rebound.
15:45 of 1st period - Mitchell Heard wins face-off versus Chrstian Dvorak in Punishers zone.
16:00 of 1st period - Carter Ashton is hit by Niklas Hansson.
16:22 of 1st period - Wrist shot by Quinton Howden.
16:22 of 1st period - Shot Misses the Net.
16:29 of 1st period - Icing by Tyler Bertuzzi.
16:30 of 1st period - Elias Lindholm wins face-off versus John Quenneville in Punishers zone.
16:33 of 1st period - Wrist shot by Tom Kuhnhackl.
16:33 of 1st period - Goal by Tom Kuhnhackl - Punishers : 0 - Thunderbirds : 4.
16:33 of 1st period - Daniel Altshuller enters game.
16:34 of 1st period - Quinton Howden wins face-off versus Radek Faksa in neutral zone.
16:50 of 1st period - Slapshot by Carter Ashton.
16:50 of 1st period - Stopped by Carter Hutton without a rebound.
16:51 of 1st period - Nikita Gusev wins face-off versus Elias Lindholm in Thunderbirds zone.
17:16 of 1st period - Kirill Kaprizov is hit by Chrstian Dvorak and loses puck.
17:17 of 1st period - Kirill Kaprizov from Thunderbirds is injured at 17:17 of 1st period (Right Foot).
17:18 of 1st period - Quinton Howden wins face-off versus Zack Hamill in Thunderbirds zone.
18:28 of 1st period - Slapshot by Michal Jordan.
18:28 of 1st period - Stopped by Daniel Altshuller with a rebound.
18:34 of 1st period - Slapshot by Valentin Zykov.
18:34 of 1st period - Shot Blocked by Noah Juulsen.
19:05 of 1st period - Wrist shot by Zack Hamill.
19:05 of 1st period - Shot Misses the Net.
19:07 of 1st period - Minor Penalty to Roberts Lipsbergs for Holding.
19:08 of 1st period - Quinton Howden wins face-off versus Zack Hamill in Thunderbirds zone.
19:22 of 1st period - Off-side.
19:23 of 1st period - Zack Hamill wins face-off versus Quinton Howden in neutral zone.
19:34 of 1st period - Snap shot by Corey Tropp.
19:34 of 1st period - Goal by Corey Tropp - Punishers : 1 - Thunderbirds : 4.
19:35 of 1st period - Quinton Howden wins face-off versus Zack Hamill in neutral zone.
Goals for this period are 1 for Punishers vs 4 for Thunderbirds.
Shots for this period are 12 for Punishers vs 14 for Thunderbirds.
2nd period
0:01 of 2nd period - Zack Hamill wins face-off versus Quinton Howden in neutral zone.
0:23 of 2nd period - Icing by Niklas Hansson.
0:24 of 2nd period - Carter Ashton wins face-off versus Quinton Howden in Thunderbirds zone.
0:27 of 2nd period - Snap shot by Carter Ashton.
0:27 of 2nd period - Shot Blocked by Jerry D'Amigo.
1:04 of 2nd period - Icing by Viktor Baldayev.
1:05 of 2nd period - John Quenneville wins face-off versus Mitchell Heard in Thunderbirds zone.
1:12 of 2nd period - Slapshot by Austen Brassard.
1:12 of 2nd period - Shot Misses the Net.
1:38 of 2nd period - Slapshot by Niklas Hansson.
1:38 of 2nd period - Shot Misses the Net.
1:54 of 2nd period - Corey Tropp is hit by Griffin Reinhart.
2:05 of 2nd period - Wrist shot by Zack Hamill.
2:05 of 2nd period - Stopped by Carter Hutton with a rebound.
2:15 of 2nd period - Slapshot by Niklas Hansson.
2:15 of 2nd period - Shot Misses the Net.
2:17 of 2nd period - Snap shot by Elias Lindholm.
2:17 of 2nd period - Deflect By Fredrik Claesson.
2:17 of 2nd period - Stopped by Daniel Altshuller with a rebound.
2:19 of 2nd period - Slapshot by Griffin Reinhart.
2:19 of 2nd period - Deflect By Elias Lindholm.
2:19 of 2nd period - Stopped by Daniel Altshuller with a rebound.
3:30 of 2nd period - Icing by Artem Zub.
3:31 of 2nd period - Zack Hamill wins face-off versus Quinton Howden in Punishers zone.
3:42 of 2nd period - Nikita Gusev is hit by Matt Puempel and loses puck.
3:57 of 2nd period - Wrist shot by Elias Lindholm.
3:57 of 2nd period - Deflect By Tom Kuhnhackl.
3:57 of 2nd period - Shot Blocked by Nikita Gusev.
3:57 of 2nd period - Puck is out of play.
3:58 of 2nd period - Elias Lindholm wins face-off versus Zack Hamill in Punishers zone.
3:59 of 2nd period - Snap shot by Valentin Zykov.
3:59 of 2nd period - Stopped by Daniel Altshuller without a rebound.
4:00 of 2nd period - Elias Lindholm wins face-off versus Zack Hamill in Punishers zone.
4:25 of 2nd period - Carter Ashton is hit by Jerry D'Amigo and loses puck.
5:17 of 2nd period - Off-side.
5:18 of 2nd period - Chrstian Dvorak wins face-off versus Elias Lindholm in neutral zone.
5:48 of 2nd period - Slapshot by Jerry D'Amigo.
5:48 of 2nd period - Shot Misses the Net.
6:52 of 2nd period - Snap shot by Quinton Howden.
6:52 of 2nd period - Stopped by Daniel Altshuller with a rebound.
7:04 of 2nd period - Snap shot by Tyler Bertuzzi.
7:04 of 2nd period - Shot Misses the Net.
7:16 of 2nd period - Slapshot by Ben Betker.
7:16 of 2nd period - Deflect By Anton Blidh.
7:16 of 2nd period - Stopped by Carter Hutton without a rebound.
7:17 of 2nd period - Tanner Laczynski wins face-off versus John Quenneville in Thunderbirds zone.
8:31 of 2nd period - Wrist shot by Valentin Zykov.
8:31 of 2nd period - Shot Blocked by Anton Blidh.
9:12 of 2nd period - Minor Penalty to Roberts Lipsbergs for Interference.
9:13 of 2nd period - Zack Hamill wins face-off versus Quinton Howden in Thunderbirds zone.
11:12 of 2nd period - Penalty to Roberts Lipsbergs is over, Roberts Lipsbergs is back on ice.
11:22 of 2nd period - Austen Brassard is hit by John Draeger and loses puck.
11:41 of 2nd period - Snap shot by Quinton Howden.
11:41 of 2nd period - Stopped by Daniel Altshuller with a rebound.
12:09 of 2nd period - Snap shot by Nikita Gusev.
12:09 of 2nd period - Goal by Nikita Gusev - Punishers : 2 - Thunderbirds : 4.
12:10 of 2nd period - Zack Hamill wins face-off versus Mitchell Heard in neutral zone.
12:23 of 2nd period - Snap shot by Hudson Fasching.
12:23 of 2nd period - Stopped by Daniel Altshuller without a rebound.
12:24 of 2nd period - Mitchell Heard wins face-off versus Radek Faksa in Punishers zone.
12:33 of 2nd period - Slapshot by Carter Ashton.
12:33 of 2nd period - Shot Misses the Net.
12:49 of 2nd period - Zack Hamill is hit by Jake Walman and loses puck.
13:00 of 2nd period - Wrist shot by Tanner Laczynski.
13:00 of 2nd period - Shot Misses the Net.
13:38 of 2nd period - Snap shot by Austen Brassard.
13:38 of 2nd period - Shot Misses the Net.
13:55 of 2nd period - Wrist shot by Carter Ashton.
13:55 of 2nd period - Stopped by Carter Hutton with a rebound.
13:57 of 2nd period - Snap shot by Chrstian Dvorak.
13:57 of 2nd period - Shot Blocked by John Draeger.
13:59 of 2nd period - Slapshot by Carter Ashton.
13:59 of 2nd period - Deflect By Chrstian Dvorak.
13:59 of 2nd period - Stopped by Carter Hutton with a rebound.
14:59 of 2nd period - Snap shot by Elias Lindholm.
14:59 of 2nd period - Shot Blocked by John Quenneville.
15:09 of 2nd period - Snap shot by Clayton Keller.
15:09 of 2nd period - Deflect By Tanner Laczynski.
15:09 of 2nd period - Stopped by Daniel Altshuller without a rebound.
15:10 of 2nd period - Radek Faksa wins face-off versus Tanner Laczynski in Punishers zone.
15:17 of 2nd period - Slapshot by Radek Faksa.
15:17 of 2nd period - Shot Misses the Net.
15:19 of 2nd period - Snap shot by Ben Betker.
15:19 of 2nd period - Shot Misses the Net.
15:25 of 2nd period - Wrist shot by Chrstian Dvorak.
15:25 of 2nd period - Shot Blocked by Viktor Baldayev.
15:35 of 2nd period - Snap shot by Nikita Gusev.
15:35 of 2nd period - Shot Blocked by Tanner Laczynski.
15:37 of 2nd period - Snap shot by Noah Juulsen.
15:37 of 2nd period - Deflect By Nikita Gusev.
15:37 of 2nd period - Shot Misses the Net.
15:37 of 2nd period - Puck is out of play.
15:38 of 2nd period - Elias Lindholm wins face-off versus John Quenneville in Thunderbirds zone.
15:47 of 2nd period - Wrist shot by John Quenneville.
15:47 of 2nd period - Shot Blocked by Niklas Hansson.
15:49 of 2nd period - Slapshot by Fredrik Claesson.
15:49 of 2nd period - Stopped by Carter Hutton without a rebound.
15:50 of 2nd period - Elias Lindholm wins face-off versus Zack Hamill in Thunderbirds zone.
16:17 of 2nd period - Ben Betker is hit by Matt Puempel and loses puck.
16:23 of 2nd period - Off-side.
16:24 of 2nd period - Radek Faksa wins face-off versus Quinton Howden in neutral zone.
17:34 of 2nd period - Jerry D'Amigo is hit by Anton Blidh.
17:50 of 2nd period - Snap shot by Nikita Gusev.
17:50 of 2nd period - Shot Blocked by Clayton Keller.
17:52 of 2nd period - Slapshot by Noah Juulsen.
17:52 of 2nd period - Stopped by Carter Hutton without a rebound.
17:53 of 2nd period - Radek Faksa wins face-off versus Quinton Howden in Thunderbirds zone.
18:42 of 2nd period - Tanner Laczynski is hit by Nikita Gusev and loses puck.
19:05 of 2nd period - Wrist shot by Anton Blidh.
19:05 of 2nd period - Shot Blocked by Viktor Baldayev.
19:38 of 2nd period - Off-side.
19:39 of 2nd period - John Quenneville wins face-off versus Quinton Howden in neutral zone.
Goals for this period are 1 for Punishers vs 0 for Thunderbirds.
Shots for this period are 7 for Punishers vs 7 for Thunderbirds.
3rd period
0:01 of 3rd period - Zack Hamill wins face-off versus Elias Lindholm in neutral zone.
0:31 of 3rd period - Wrist shot by Jerry D'Amigo.
0:31 of 3rd period - Stopped by Daniel Altshuller with a rebound.
0:55 of 3rd period - Wrist shot by Austen Brassard.
0:55 of 3rd period - Shot Misses the Net.
0:57 of 3rd period - Snap shot by Austen Brassard.
0:57 of 3rd period - Stopped by Carter Hutton without a rebound.
0:58 of 3rd period - Elias Lindholm wins face-off versus Tyler Bertuzzi in Thunderbirds zone.
1:25 of 3rd period - Griffin Reinhart is hit by Radek Faksa and loses puck.
1:47 of 3rd period - Michal Jordan is hit by Alex Schoenborn and loses puck.
2:29 of 3rd period - Snap shot by Matt Puempel.
2:29 of 3rd period - Deflect By Mitchell Heard.
2:29 of 3rd period - Shot Misses the Net.
2:29 of 3rd period - Puck is out of play.
2:30 of 3rd period - John Quenneville wins face-off versus Mitchell Heard in Punishers zone.
3:33 of 3rd period - Ben Betker is hit by Tanner Laczynski and loses puck.
4:15 of 3rd period - Minor Penalty to Michal Jordan for Hooking.
4:16 of 3rd period - Quinton Howden wins face-off versus Zack Hamill in Thunderbirds zone.
4:26 of 3rd period - Slapshot by Corey Tropp.
4:26 of 3rd period - Shot Blocked by Niklas Hansson.
5:33 of 3rd period - John Draeger is hit by Ben Betker and loses puck.
6:15 of 3rd period - Penalty to Michal Jordan is over, Michal Jordan is back on ice.
6:26 of 3rd period - Anton Blidh is hit by Viktor Baldayev and loses puck.
7:08 of 3rd period - Anton Blidh is hit by Quinton Howden and loses puck.
7:32 of 3rd period - Icing by John Quenneville.
7:33 of 3rd period - John Quenneville wins face-off versus Mitchell Heard in Punishers zone.
7:33 of 3rd period - John Quenneville is hit by Hudson Fasching.
8:00 of 3rd period - Wrist shot by Elias Lindholm.
8:00 of 3rd period - Stopped by Daniel Altshuller with a rebound.
8:02 of 3rd period - Slapshot by Valentin Zykov.
8:02 of 3rd period - Goal by Valentin Zykov - Punishers : 2 - Thunderbirds : 5.
8:03 of 3rd period - Quinton Howden wins face-off versus Zack Hamill in neutral zone.
8:07 of 3rd period - Off-side.
8:08 of 3rd period - Quinton Howden wins face-off versus Zack Hamill in neutral zone.
8:53 of 3rd period - Snap shot by Austen Brassard.
8:53 of 3rd period - Shot Misses the Net.
8:59 of 3rd period - Snap shot by Tanner Laczynski.
8:59 of 3rd period - Shot Misses the Net.
9:01 of 3rd period - Slapshot by John Draeger.
9:01 of 3rd period - Stopped by Daniel Altshuller without a rebound.
9:02 of 3rd period - Quinton Howden wins face-off versus Zack Hamill in Punishers zone.
9:11 of 3rd period - Wrist shot by Valentin Zykov.
9:11 of 3rd period - Stopped by Daniel Altshuller with a rebound.
9:47 of 3rd period - Icing by John Draeger.
9:48 of 3rd period - Nicolas Roy wins face-off versus Tanner Laczynski in Thunderbirds zone.
9:58 of 3rd period - Icing by Clayton Keller.
9:59 of 3rd period - Zack Hamill wins face-off versus Tanner Laczynski in Thunderbirds zone.
10:20 of 3rd period - Slapshot by Tanner Laczynski.
10:20 of 3rd period - Shot Misses the Net.
10:28 of 3rd period - Slapshot by Clayton Keller.
10:28 of 3rd period - Deflect By Tanner Laczynski.
10:28 of 3rd period - Stopped by Daniel Altshuller with a rebound.
10:30 of 3rd period - Backhand shot by John Draeger.
10:30 of 3rd period - Stopped by Daniel Altshuller with a rebound.
10:58 of 3rd period - Snap shot by Tanner Laczynski.
10:58 of 3rd period - Goal by Tanner Laczynski - Punishers : 2 - Thunderbirds : 6.
10:59 of 3rd period - Chrstian Dvorak wins face-off versus Quinton Howden in neutral zone.
11:05 of 3rd period - Icing by Griffin Reinhart.
11:06 of 3rd period - Radek Faksa wins face-off versus Jerry D'Amigo in Thunderbirds zone.
11:31 of 3rd period - Wrist shot by Mitchell Heard.
11:31 of 3rd period - Deflect By Matt Puempel.
11:31 of 3rd period - Stopped by Daniel Altshuller with a rebound.
11:45 of 3rd period - Niklas Hansson is hit by Alex Schoenborn and loses puck.
12:00 of 3rd period - Slapshot by Elias Lindholm.
12:00 of 3rd period - Goal by Elias Lindholm - Punishers : 2 - Thunderbirds : 7.
12:01 of 3rd period - Elias Lindholm wins face-off versus Zack Hamill in neutral zone.
12:24 of 3rd period - Icing by Corey Tropp.
12:25 of 3rd period - Zack Hamill wins face-off versus Quinton Howden in Punishers zone.
12:30 of 3rd period - Slapshot by Corey Tropp.
12:30 of 3rd period - Deflect By Quinton Howden.
12:30 of 3rd period - Shot Misses the Net.
12:30 of 3rd period - Puck is out of play.
12:31 of 3rd period - Quinton Howden wins face-off versus Radek Faksa in Thunderbirds zone.
12:31 of 3rd period - Quinton Howden is hit by Chrstian Dvorak.
12:51 of 3rd period - Quinton Howden is hit by Ben Betker and loses puck.
13:27 of 3rd period - Griffin Reinhart is hit by Artem Zub and loses puck.
14:03 of 3rd period - Jerry D'Amigo is hit by Radek Faksa and loses puck.
14:52 of 3rd period - Slapshot by Griffin Reinhart.
14:52 of 3rd period - Deflect By Jerry D'Amigo.
14:52 of 3rd period - Stopped by Daniel Altshuller without a rebound.
14:53 of 3rd period - Zack Hamill wins face-off versus Elias Lindholm in Punishers zone.
15:00 of 3rd period - Snap shot by Tom Kuhnhackl.
15:00 of 3rd period - Deflect By Valentin Zykov.
15:00 of 3rd period - Shot Misses the Net.
15:00 of 3rd period - Puck is out of play.
15:01 of 3rd period - Zack Hamill wins face-off versus Elias Lindholm in Punishers zone.
15:10 of 3rd period - Snap shot by Zack Hamill.
15:10 of 3rd period - Goal by Zack Hamill - Punishers : 3 - Thunderbirds : 7.
15:11 of 3rd period - Zack Hamill wins face-off versus Valentin Zykov in neutral zone.
15:43 of 3rd period - Wrist shot by Viktor Baldayev.
15:43 of 3rd period - Deflect By Fredrik Claesson.
15:43 of 3rd period - Stopped by Daniel Altshuller with a rebound.
15:45 of 3rd period - Wrist shot by Viktor Baldayev.
15:45 of 3rd period - Stopped by Daniel Altshuller with a rebound.
15:55 of 3rd period - Wrist shot by John Quenneville.
15:55 of 3rd period - Stopped by Carter Hutton with a rebound.
15:57 of 3rd period - Slapshot by Noah Juulsen.
15:57 of 3rd period - Stopped by Carter Hutton with a rebound.
16:02 of 3rd period - Icing by Viktor Baldayev.
16:03 of 3rd period - Elias Lindholm wins face-off versus Zack Hamill in Thunderbirds zone.
16:24 of 3rd period - Slapshot by Michal Jordan.
16:24 of 3rd period - Shot Blocked by Connor Clifton.
16:38 of 3rd period - Zack Hamill is hit by Valentin Zykov and loses puck.
17:07 of 3rd period - Icing by Austen Brassard.
17:08 of 3rd period - Tanner Laczynski wins face-off versus John Quenneville in Punishers zone.
17:31 of 3rd period - Tyler Bertuzzi is hit by Viktor Baldayev.
17:37 of 3rd period - Slapshot by Tyler Bertuzzi.
17:37 of 3rd period - Stopped by Carter Hutton without a rebound.
17:38 of 3rd period - Zack Hamill wins face-off versus Elias Lindholm in Thunderbirds zone.
17:41 of 3rd period - Snap shot by Zack Hamill.
17:41 of 3rd period - Shot Misses the Net.
17:43 of 3rd period - Snap shot by Noah Juulsen.
17:43 of 3rd period - Shot Misses the Net.
17:45 of 3rd period - Snap shot by Noah Juulsen.
17:45 of 3rd period - Shot Blocked by Griffin Reinhart.
17:47 of 3rd period - Wrist shot by Fredrik Claesson.
17:47 of 3rd period - Shot Hit the Post.
17:49 of 3rd period - Snap shot by Corey Tropp.
17:49 of 3rd period - Stopped by Carter Hutton with a rebound.
17:51 of 3rd period - Slapshot by Tyler Bertuzzi.
17:51 of 3rd period - Stopped by Carter Hutton without a rebound.
17:52 of 3rd period - Zack Hamill wins face-off versus Quinton Howden in Thunderbirds zone.
18:05 of 3rd period - Snap shot by Zack Hamill.
18:05 of 3rd period - Shot Blocked by Niklas Hansson.
18:15 of 3rd period - Minor Penalty to Tyler Bertuzzi for Goalie Interference.
18:16 of 3rd period - Quinton Howden wins face-off versus Zack Hamill in Punishers zone.
18:29 of 3rd period - Slapshot by Griffin Reinhart.
18:29 of 3rd period - Deflect By Corey Tropp.
18:29 of 3rd period - Goal by Griffin Reinhart - Punishers : 3 - Thunderbirds : 8.
18:30 of 3rd period - Elias Lindholm wins face-off versus Zack Hamill in neutral zone.
18:48 of 3rd period - Minor Penalty to Valentin Zykov for High sticking.
18:49 of 3rd period - Quinton Howden wins face-off versus Zack Hamill in Thunderbirds zone.
18:49 of 3rd period - Quinton Howden is hit by Zack Hamill.
19:28 of 3rd period - Wrist shot by Radek Faksa.
19:28 of 3rd period - Shot Misses the Net.
19:30 of 3rd period - Wrist shot by Chrstian Dvorak.
19:30 of 3rd period - Goal by Chrstian Dvorak - Punishers : 4 - Thunderbirds : 8.
19:31 of 3rd period - Elias Lindholm wins face-off versus Zack Hamill in neutral zone.
19:38 of 3rd period - Slapshot by Elias Lindholm.
19:38 of 3rd period - Goal by Elias Lindholm - Punishers : 4 - Thunderbirds : 9.
19:39 of 3rd period - Zack Hamill wins face-off versus Elias Lindholm in neutral zone.
Goals for this period are 2 for Punishers vs 5 for Thunderbirds.
Shots for this period are 8 for Punishers vs 15 for Thunderbirds.